 Dungeon Crawl Stone Soup version 0.28.0-43-g3370ac3207 (webtiles) character file.

Game seed: 3198824826610625116

2528 mcbry74 the Grappler (level 9, -2/80 HPs)
             Began as a Troll Berserker on Mar 11, 2022.
             Was an Elder of Trog.
             Killed from afar by an electric eel (12 damage)
             ... with a bolt of electricity
             ... on level 6 of the Dungeon.
             The game lasted 00:19:27 (5214 turns).

mcbry74 the Grappler (Troll Berserker)              Turns: 5214, Time: 00:19:27

Health: -2/80      AC:  6    Str: 29    XL:     9   Next: 29%
Magic:  8/8        EV: 10    Int:  5    God:    Trog [****..]
Gold:   337        SH:  0    Dex:  9    Spells: 8/8 levels left

rFire   + . .      SeeInvis .     - Unarmed
rCold   + . .      Faith    .   (no shield)
rNeg    . . .      Spirit   .   A - +2 robe {rC+ rF+}
rPois   .          Reflect  .   (helmet restricted)
rElec   .          Harm     .   (no cloak)
rCorr   +          Rampage  .   (gloves unavailable)
Will    +....                   (boots unavailable)
Stlth   +.........              (no amulet)
HPRegen 1.03/turn               i - ring of resist corrosion
MPRegen 0.11/turn               q - ring of willpower

@: no status effects
A: large, unfitting armour, claws 3, regeneration 1, shaggy fur 1, tough skin 1
a: Renounce Religion, Berserk, Trog's Hand, Brothers in Arms


You were on level 6 of the Dungeon.
You worshipped Trog.
Trog was greatly pleased with you.
You visited 1 branch of the dungeon, and saw 6 of its levels.

You collected 337 gold pieces.

Inventory:

Hand Weapons
 b - a +1 dagger of venom
 r - a +0 giant club
 w - a +1 whip of freezing
 B - a +0 giant spiked club
 C - a +0 giant spiked club
Missiles
 c - 8 boomerangs (quivered)
 m - 83 stones
 p - 3 javelins
 t - 3 atropa-tipped darts
Armour
 a - a +0 animal skin
 A - a +2 robe of resistance (worn)
Jewellery
 i - a ring of resist corrosion (left claw)
 q - a ring of willpower (right claw)
Wands
 n - a wand of polymorph (9)
 u - a wand of paralysis (7)
 v - a wand of iceblast (11)
Scrolls
 e - a scroll of amnesia
 h - a scroll of teleportation
 o - a scroll of immolation
 y - a scroll of magic mapping
Potions
 d - a potion of resistance {unknown}
 f - 2 potions of mutation {unknown}
 j - a potion of heal wounds {unknown}
 k - a potion of attraction {unknown}
 l - a potion of haste {unknown}
 s - 3 potions of lignification {unknown}
 x - 2 potions of berserk rage {unknown}
 z - a potion of invisibility {unknown}


   Skills:
 - Level 2.4 Fighting
 + Level 4.1 Maces & Flails
 + Level 5.4 Throwing
 - Level 2.4 Dodging
 * Level 10.4 Unarmed Combat


You had 8 spell levels left.
You didn't know any spells.
Your spell library was empty.

Dungeon Overview and Level Annotations

Branches:
Dungeon (6/15)             Temple (0/1) D:4

Altars:
Ashenzari
Cheibriados
Makhleb
Sif Muna
Trog
Uskayaw
Vehumet


Innate Abilities, Weirdness & Mutations

You are too large for most types of armour.
You have claws for hands.
Your natural rate of healing is unusually fast.
You are covered in fur. (AC +1)
You have tough skin. (AC +1)


Message History

You throw a boomerang.
The boomerang barely misses the scorpion.
You barely miss the scorpion. The scorpion stings you.
You claw the scorpion!
The scorpion is heavily wounded.
The scorpion stings you but does no damage.
You mangle the scorpion!!
You kill the scorpion!
Trog accepts your kill.
You see here a scorpion corpse.
You mangle the iguana!!
You kill the iguana!
Trog accepts your kill.
You see here an iguana corpse.
Items here: )))) [[.
An electric eel is nearby!
The electric eel shoots out a bolt of lightning at you!
The bolt of electricity hits you!
The electric eel shoots out a bolt of lightning at you!
The bolt of electricity misses you. x2
The electric eel shoots out a bolt of lightning at you!
The bolt of electricity hits you!
You see here 16 gold pieces.
You now have 337 gold pieces (gained 16).
The electric eel shoots out a bolt of lightning at you!
The bolt of electricity hits you!
The electric eel shoots out a bolt of lightning at you!
The bolt of electricity hits you.
The electric eel shoots out a bolt of lightning at you!
The bolt of electricity hits you!
The electric eel shoots out a bolt of lightning at you!
The bolt of electricity hits you!
The electric eel shoots out a bolt of lightning at you!
The bolt of electricity hits you!
* * * LOW HITPOINT WARNING * * *
The bolt of electricity hits you!
* * * LOW HITPOINT WARNING * * *
The electric eel shoots out a bolt of lightning at you!
The bolt of electricity hits you!
You die...

####### ###.....## #....≈≈≈..##
....≈≈≈≈#≈..@# # .≈≈≈≈#≈≈≈≈...#
# .≈#≈≈≈≈#≈≈≈..## #
.≈≈≈#≈S≈≈#≈...# #
..≈≈≈≈#≈≈≈≈...###############
#.≈#≈≈≈≈#≈≈≈...............).
###.≈≈≈#≈≈≈≈#≈.###...........##
#....≈≈≈≈#≈≈≈≈........[......##
#...≈#≈≈≈≈.....(..............


You could see an electric eel.

Vanquished Creatures
  A two-headed ogre (D:6)
  Pikel (D:6)
  Sigmund (D:6)
  An orc warrior (D:6)
  2 sky beasts
  A necrophage (D:6)
  A centaur (D:5)
  2 ogres
  3 scorpions
  A water moccasin zombie (D:5)
  A water moccasin skeleton (D:5)
  A crimson imp (D:4)
  A centaur zombie (D:5)
  A gnoll shaman (D:4)
  An iguana (D:6)
  Natasha (D:4)
  2 orc wizards
  A killer bee zombie (D:6)
  7 adders
  4 gnolls (D:4)
  2 ufetubi
  14 orcs
  9 ball pythons
  6 bats
  2 endoplasms
  7 giant cockroaches
  9 goblins
  8 hobgoblins
  4 jackals (D:1)
  4 quokkas
  3 frilled lizards
  4 kobolds
  2 rats
108 creatures vanquished.

Notes
Turn   | Place    | Note
-------+----------+-------------------------------------------
     0 | D:1      | mcbry74 the Troll Berserker began the quest for the Orb.
     0 | D:1      | Reached XP level 1. HP: 22/22 MP: 0/0
   198 | D:1      | Reached XP level 2. HP: 27/29 MP: 1/1
   432 | D:1      | Reached skill level 4 in Unarmed Combat
   539 | D:1      | Found a faded altar of an unknown god.
   945 | D:2      | Reached XP level 3. HP: 36/36 MP: 2/2
   955 | D:2      | Reached ** piety under Trog
  1178 | D:2      | You fall into a shaft and drop 1 floor!
  1906 | D:3      | Found a broken altar of Ashenzari.
  1962 | D:3      | Reached skill level 5 in Unarmed Combat
  1962 | D:3      | Reached XP level 4. HP: 44/44 MP: 3/3
  2577 | D:4      | Found a shimmering blue altar of Sif Muna.
  2600 | D:4      | Found a staircase to the Ecumenical Temple.
  2610 | D:4      | Noticed a scorpion
  2629 | D:4      | Killed a scorpion
  2630 | D:4      | Reached skill level 6 in Unarmed Combat
  2630 | D:4      | Reached XP level 5. HP: 21/50 MP: 4/4
  2704 | D:4      | Reached *** piety under Trog
  2705 | D:4      | Reached skill level 1 in Throwing
  2848 | D:4      | Noticed Natasha
  2850 | D:4      | Killed Natasha
  2851 | D:4      | Reached XP level 6. HP: 59/59 MP: 5/5
  3180 | D:4      | Found a radiant altar of Vehumet.
  3181 | D:4      | Found a burning altar of Makhleb.
  3289 | D:5      | Entered Level 5 of the Dungeon
  3347 | D:5      | Noticed a sky beast
  3388 | D:5      | Killed a sky beast
  3389 | D:5      | Reached skill level 7 in Unarmed Combat
  3419 | D:5      | Found a bloodstained altar of Trog.
  3446 | D:5      | Reached XP level 7. HP: 60/66 MP: 6/6
  3624 | D:5      | Found a snail-covered altar of Cheibriados.
  3685 | D:5      | Found a hide-covered altar of Uskayaw.
  3783 | D:5      | Reached skill level 8 in Unarmed Combat
  4505 | D:6      | Reached skill level 1 in Maces & Flails
  4525 | D:6      | Noticed Pikel
  4535 | D:6      | Killed Pikel
  4536 | D:6      | Reached skill level 9 in Unarmed Combat
  4536 | D:6      | Reached XP level 8. HP: 36/74 MP: 7/7
  4873 | D:6      | Noticed Sigmund
  4889 | D:6      | Killed Sigmund
  4971 | D:6      | Noticed a two-headed ogre
  4982 | D:6      | Killed a two-headed ogre
  4982 | D:6      | Reached **** piety under Trog
  4983 | D:6      | Reached skill level 5 in Throwing
  4983 | D:6      | Reached skill level 10 in Unarmed Combat
  4983 | D:6      | Reached XP level 9. HP: 80/80 MP: 8/8
  5214 | D:6      | Killed from afar by an electric eel

Illustrated notes

Levels and vault maps discovered:
D:1:      nagdon_arrival_double_spiral, layout_basic,
          ebering_ecumenical_altar_hall
D:2:      layout_loops_cross, chequers_big_river
D:3:      layout_basic, lemuel_crystal_altar
D:4:      minmay_door_path, layout_loops_cross,
          grunt_temple_overflow_lords_of_destruction, led_sif_pool,
          temple_pool_b, uniq_natasha
D:5:      layout_basic, amcnicky_altar_gilded, mainiacjoe_overflow_two_lobes,
          st_stairs_13, hangedman_abyss_or_decor_passed, serial_park_tiny_1
D:6:      layout_rooms, nicolae_benzene_ring, grunt_ministairs_1, hex_large,
          serial_park_tiny_pond, nicolae_lava_and_water, uniq_sigmund,
          uniq_pikel

Skill      XL: |  1  2  3  4  5  6  7  8 |
---------------+-------------------------+-----
Unarmed Combat | 4 5 6 7 9 10 | 10.4
Throwing       | 1 2 4 5 |  5.4
Maces & Flails | 2 4 |  4.1
Fighting       | |  2.4
Dodging        | |  2.4

Action                   |  1- 3 |  4- 6 |  7- 9 || total
-------------------------+-------+-------+-------++-------
Melee: Dagger            |   105 |    41 |       ||   146
       Unarmed           |     2 |    76 |    99 ||   177
       Punch             |     3 |     3 |     5 ||    11
Throw: Boomerang         |       |     2 |     7 ||     9
Invok: Trog's Hand       |       |       |     1 ||     1
  Use: Scroll            |       |       |     4 ||     4
 Stab: Sleeping          |       |     1 |       ||     1
Armor: Animal skin       |    41 |    21 |    27 ||    89
       Robe              |       |       |     1 ||     1
Dodge: Dodged            |    57 |    43 |    55 ||   155
